 Dungeon Crawl Stone Soup version 0.23.1 (webtiles) character file.

Game seed: 14030784667308539649

3241 Lusmu the Spear-Bearer (level 9, -3/81 HPs)
             Began as a White Draconian Monk on Mar 15, 2019.
             Was an Elder of Wu Jian.
             Slain by a two-headed ogre
             ... wielding a +0 giant spiked club
              (29 damage)
             ... on level 8 of the Dungeon.
             The game lasted 00:34:25 (10343 turns).

Lusmu the Spear-Bearer (White Draconian Monk)      Turns: 10343, Time: 00:34:27

Health: -3/81      AC:  8    Str: 15    XL:     9   Next: 67%
Magic:  11/11      EV: 16    Int: 12    God:    Wu Jian [****..]
Gold:   345        SH:  0    Dex: 14    Spells: 8/8 levels left

rFire    . . .     SeeInvis .   y - +2 halberd (flame)
rCold    + . .     Gourm    .   (shield currently unavailable)
rNeg     . . .     Faith    .   (armour unavailable)
rPois    .         Spirit   .   (helmet restricted)
rElec    .         Reflect  .   i - +0 cloak
rCorr    .         Harm     .   (no gloves)
MR       .....                  (no boots)
Stlth    ++........             (no amulet)
HPRegen  0.23/turn              (no ring)
MPRegen  0.12/turn              (no ring)

@: no status effects
A: breathe frost, unfitting armour, horns 1, talons 1, cold resistance 1, no
potion heal 1, cold-blooded, subdued magic 1, AC +7
a: Breathe Frost, Wall Jump, Serpent's Lash, Renounce Religion


You were on level 8 of the Dungeon.
You worshipped Wu Jian.
Wu Jian was greatly pleased with you.
You were not hungry.

You visited 2 branches of the dungeon, and saw 9 of its levels.
You also visited: Sewer.

You collected 345 gold pieces.

Inventory:

Hand Weapons
 o - a +0 trident
 u - a +0 blowgun
 y - a +2 halberd of flaming (weapon)
Missiles
 h - 4 javelins (quivered)
 C - 12 poisoned needles
Armour
 i - a +0 cloak (worn)
 k - a +0 buckler
Wands
 p - a wand of polymorph (6)
 r - a wand of digging (3)
 v - a wand of random effects (22)
Scrolls
 a - a scroll of blinking
 c - 2 scrolls of remove curse
 d - 3 scrolls of identify
 g - 2 scrolls of fog
 j - a scroll of immolation
 l - a scroll of enchant armour
 n - a scroll of teleportation
 s - 5 scrolls of magic mapping
 t - 2 scrolls of amnesia
 x - a scroll of enchant weapon {unknown}
Potions
 e - a potion of invisibility
 f - 2 potions of cancellation
 m - a potion of brilliance
 q - 2 potions of might
 w - a potion of flight {unknown}
 z - a potion of haste {unknown}
 A - a potion of heal wounds
 B - a potion of lignification
Comestibles
 b - 4 rations
 D - a chunk of flesh


   Skills:
 - Level 8.0 Fighting
 - Level 10.0 Polearms
 + Level 6.5 Dodging
 - Level 1.7 Stealth
 - Level 3.0 Evocations


You had 8 spell levels left.
You didn't know any spells.
Your spell library was empty.

Dungeon Overview and Level Annotations

Branches:
Dungeon (8/15)             Temple (1/1) D:5
   Lair: D:8-11

Altars:
Ashenzari
Cheibriados
Dithmenos
Elyvilon
Fedhas
Gozag
Hepliaklqana
Kikubaaqudgha
Makhleb
Okawaru
Qazlal
Ru
Sif Muna
Trog
Uskayaw
Vehumet
Wu Jian
Xom
Yredelemnul
Zin
The Shining One

Shops:
D:7 %

Annotations:
D:3 1 runed translucent door, Crazy Yiuf
D:6 Menkaure


Innate Abilities, Weirdness & Mutations

You can breathe waves of freezing cold.
You can buffet flying creatures when you breathe cold.
Your icy white scales are hard. (AC +7)
You cannot fit into any form of body armour.
Your flesh is cold resistant. (rC+)
You are cold-blooded and may be slowed by cold attacks.
You have a pair of small horns on your head.
You have sharp toenails.
Potions are less effective at restoring your health.
Your spells are a little easier to cast, but a little less powerful.


Message History

You hit the two-headed ogre but do no damage.
You headbutt the two-headed ogre, but do no damage.
You tail-slap the two-headed ogre.
The two-headed ogre is heavily wounded.
The two-headed ogre misses you.
The two-headed ogre hits you with a +0 giant spiked club!!
You spin and attack the two-headed ogre.
You slash the two-headed ogre! You burn the two-headed ogre.
You claw the two-headed ogre.
The two-headed ogre is severely wounded.
The two-headed ogre closely misses you.
The two-headed ogre hits you with a +0 giant spiked club!
* * * LOW HITPOINT WARNING * * *
You spin and attack the two-headed ogre.
You slash the two-headed ogre! You burn the two-headed ogre.
Your kick misses the two-headed ogre. You tail-slap the two-headed ogre.
The two-headed ogre is severely wounded.
The two-headed ogre closely misses you.
The two-headed ogre hits you with a +0 giant spiked club!!
You die...

#.# #.....# ##......# #.#
###.### #.......# #.#
##.#####..#.##.# ##.#
##..............# ##.#.#
##.###.##........#
####.###.##.####...........#
#...##
#..###>............#####
#..##
##.....O...............#
#.#.##
##.##.#.#@##......#####.#
.....###.####....##......#
#.## #.##<.#.##
##.#.........# #... #.
#.#..# #...#####....# #.#.
#.......# #...#
#....#####... ####.####
#...# ##........)#. ...#
#...# ###.#.#.##.#. #####
#...#####............
#######.........#.....##...


You could see a two-headed ogre (pinned).

Vanquished Creatures
  Grinder (D:5)
  3 steam dragons (D:7)
  2 water moccasins (D:7)
  2 orc warriors
  A sky beast (D:8)
  A black bear (D:7)
  3 ogres
  A centaur (D:7)
  A big kobold (D:7)
  6 bullfrogs
  6 killer bees (D:7)
  2 howler monkeys
  3 crimson imps
  A bullfrog zombie (D:8)
  A centaur zombie (D:7)
  2 hounds
  3 jellies
  6 orc wizards
  An orc priest (D:8)
  A bullfrog skeleton (D:5)
  A centaur skeleton (D:6)
  An iguana (D:5)
  Terence (D:2)
  3 worker ants
  Robin (D:4)
  3 gnolls
  A river rat (D:4)
  9 adders
  2 oozes (D:2)
  An adder zombie (D:8)
  A worm (D:2)
  7 leopard geckos
  14 orcs
  5 ball pythons
  5 bats
  13 giant cockroaches
  18 goblins
  10 hobgoblins
  2 jackals (D:1)
  3 quokkas
  9 frilled lizards
  11 kobolds
  A leopard gecko skeleton (D:5)
  A leopard gecko zombie (D:8)
  A quokka skeleton (D:4)
  8 rats
  A bush (D:3)
180 creatures vanquished.

Vanquished Creatures (others)
  A gnoll (D:7)
  An adder zombie (D:7)
  A quokka (D:7)
  A ball python (D:7)
4 creatures vanquished.

Grand Total: 184 creatures vanquished

Notes
Turn   | Place    | Note
-------+----------+-------------------------------------------
     0 | D:1      | Lusmu the Draconian Monk began the quest for the Orb.
     0 | D:1      | Reached XP level 1. HP: 19/19 MP: 1/1
   219 | D:1      | Reached XP level 2. HP: 17/27 MP: 2/2
   908 | D:1      | Gained mutation: Your spells are a little easier to cast,
                  | but a little less powerful. [potion of mutation]
   908 | D:1      | Gained mutation: You have a pair of small horns on your
                  | head. [potion of mutation]
   908 | D:1      | Gained mutation: Potions are less effective at restoring
                  | your health. [potion of mutation]
   908 | D:1      | Gained mutation: You have sharp toenails. [potion of
                  | mutation]
   948 | D:2      | Reached XP level 3. HP: 30/33 MP: 3/3
   951 | D:2      | Noticed Terence
  1827 | D:2      | Reached skill level 4 in Polearms
  1875 | D:2      | Reached XP level 4. HP: 26/41 MP: 4/4
  2034 | D:2      | Found an ancient bone altar of Kikubaaqudgha.
  2080 | D:2      | Killed Terence
  2472 | D:3      | Found a faded altar of an unknown god.
  2669 | D:3      | Found a sacrificial altar of Ru.
  3430 | D:3      | Found a runed translucent door.
  3431 | D:3      | Noticed Crazy Yiuf
  3655 | D:4      | Noticed Robin
  3721 | D:3      | Reached skill level 5 in Fighting
  3779 | D:4      | Killed Robin
  3779 | D:4      | Reached XP level 5. HP: 46/48 MP: 5/5
  3872 | D:4      | Found a glowing drain.
  3921 | D:4      | Found a snail-covered altar of Cheibriados.
  3924 | Sewer    | Entered a sewer
  3944 | Sewer    | Reached skill level 5 in Polearms
  4184 | Sewer    | Reached XP level 6. HP: 54/56 MP: 6/6
  4187 | Sewer    | Reached skill level 6 in Polearms
  4244 | D:4      | Got a shimmering hand axe
  4248 | D:4      | Found a sacrificial altar of Ru.
  4248 | D:4      | Found an ornate altar of the Wu Jian Council.
  4253 | D:4      | Became a worshipper of the Wu Jian Council
  4253 | D:4      | Reached * piety under Wu Jian
  4253 | D:4      | Reached ** piety under Wu Jian
  4404 | D:4      | Found a shattered altar of Ashenzari.
  4650 | D:4      | Found a blossoming altar of Fedhas.
  4861 | D:5      | Entered Level 5 of the Dungeon
  5004 | D:5      | Reached skill level 7 in Polearms
  5039 | D:5      | Your scales start taking on an icy white colour.
  5039 | D:5      | Reached XP level 7. HP: 49/61 MP: 7/7
  5039 | D:5      | Gained mutation: Your flesh is cold resistant. (rC+) [White
                  | Draconian growth]
  5057 | D:5      | Noticed Grinder
  5057 | D:5      | Paralysed by Grinder for 7 turns
  5073 | D:5      | Paralysed by Grinder for 4 turns
  5082 | D:5      | Killed Grinder
  5082 | D:5      | Reached skill level 8 in Polearms
  5438 | D:5      | Found a staircase to the Ecumenical Temple.
  5443 | Temple   | Entered the Ecumenical Temple
  5788 | D:5      | Reached skill level 1 in Evocations
  6132 | D:6      | Reached XP level 8. HP: 68/68 MP: 7/9
  6611 | D:6      | Found a hazy altar of Hepliaklqana.
  6611 | D:6      | Found a bloodstained altar of Trog.
  6612 | D:6      | Found a shimmering altar of Xom.
  6625 | D:6      | Noticed Menkaure
  7430 | D:7      | Reached skill level 9 in Polearms
  7450 | D:7      | Reached *** piety under Wu Jian
  7873 | D:7      | Found a radiant altar of Vehumet.
  8414 | D:7      | Found Vofabon's Food Shop.
  8432 | D:7      | Reached XP level 9. HP: 75/78 MP: 11/11
  8447 | D:7      | Found a hide-covered altar of Uskayaw.
  8448 | D:7      | Found a basalt altar of Yredelemnul.
  8507 | D:7      | Reached skill level 5 in Dodging
  9637 | D:8      | Reached skill level 10 in Polearms
  9800 | D:7      | Reached **** piety under Wu Jian
 10298 | D:8      | Noticed a two-headed ogre
 10343 | D:8      | Slain by a two-headed ogre

Skill      XL: |  1  2  3  4  5  6  7  8  9 |
---------------+----------------------------+-----
Fighting       | 4 5 6 8 |  8.0
Polearms       | 4 5 7 8 9 10 | 10.0
Evocations     | 1 3 |  3.0
Dodging        | 3 4 6 |  6.5
Stealth        | |  1.7

Action                   |  1- 3 |  4- 6 |  7- 9 || total
-------------------------+-------+-------+-------++-------
Melee: Spear             |   119 |    17 |       ||   136
       Tailslap          |    11 |    31 |    25 ||    67
       Kick              |    16 |    71 |    75 ||   162
       Headbutt          |    11 |    35 |    44 ||    90
       Trident           |       |   180 |       ||   180
       Halberd           |       |    27 |   282 ||   309
Throw: Javelin           |     2 |       |       ||     2
Invok: Lunge             |       |     4 |    15 ||    19
       Whirlwind         |       |       |    20 ||    20
 Abil: Breathe Frost     |       |       |     1 ||     1
Evoke: Wand              |       |       |     3 ||     3
  Use: Scroll            |     4 |     7 |     5 ||    16
       Potion            |     1 |     1 |     3 ||     5
 Stab: Sleeping          |     2 |     5 |     3 ||    10
  Eat: Chunk             |     3 |     7 |     7 ||    17
       Ration            |       |     1 |     3 ||     4
Armor: Skin              |    28 |    59 |    79 ||   166
Dodge: Dodged            |    83 |   137 |   240 ||   460
Block: Buckler           |       |    23 |       ||    23
